BR (22 & UNDER)
INDIAN HILLS VOODOO @ SANTA CLARITA MUSIC
09/21/2028
 
TOP OF THE 1ST
Indian Hills Voodoo batting - Pitching for Santa Clarita Music : RHP John Gill
Pitching: RHP John Gill
Batting: SHB Cisco Oliva 0-0: Ground out 6-3 (Groundball, 6)
Batting: RHB Greg Williams 0-0: Called Strike
0-1: Ground out 5-3 (Groundball, 56)
Batting: RHB António Nevárez 0-0: Ball
1-0: Called Strike
1-1: Called Strike
1-2: Ball
2-2: Foul Ball, location: 2F
2-2: Ball
3-2: Ground out 4-3 (Groundball, 4)
Top of the 1st over - 0 run(s), 0 hit(s), 0 error(s), 0 left on base; Indian Hills 0 - Santa Clarita 0
BOTTOM OF THE 1ST
Santa Clarita Music batting - Pitching for Indian Hills Voodoo : RHP Johannes Hunsberger
Pitching: RHP Johannes Hunsberger
Batting: RHB Luis Suárez 0-0: Ball
1-0: Ball
2-0: Swinging Strike
2-1: Ball
3-1: Base on Balls
Batting: RHB António Martínez 0-0: Foul Ball, location: 2F
0-1: Called Strike
0-2: 2-RUN HOME RUN (Flyball, 7D), Distance : 391 ft
Batting: RHB Rickey Núńez 0-0: Called Strike
0-1: Ball
1-1: Ball
2-1: Ball
3-1: Base on Balls
Batting: LHB Francisco Blanco 0-0: Swinging Strike
0-1: Ball
Rickey Núńez steals 2nd base
1-1: Swinging Strike
1-2: Ball
2-2: Ball
3-2: Foul Ball, location: 2F
3-2: Foul Ball, location: 2F
3-2: SINGLE (Groundball, 6MD)
Rickey Núńez to third
Batting: SHB Stan Gómez 0-0: Called Strike
0-1: Ball
1-1: Grounds into double play, 6-4-3 (Groundball, 6)
Rickey Núńez scores
Batting: SHB Pedro Rodríguez 0-0: Ball
1-0: Ball
2-0: Swinging Strike
2-1: Foul Ball, location: 2F
2-2: Ball
3-2: Strikes out swinging
Bottom of the 1st over - 3 run(s), 2 hit(s), 0 error(s), 0 left on base; Indian Hills 0 - Santa Clarita 3
TOP OF THE 2ND
Indian Hills Voodoo batting - Pitching for Santa Clarita Music : RHP John Gill
Batting: LHB Juan Sánchez 0-0: Ball
1-0: Fly out, F3 (Popup, 3L)
Batting: RHB Randall James 0-0: Ball
1-0: Swinging Strike
1-1: Ball
2-1: Foul Ball, location: 2F
2-2: Fly out, F8 (Flyball, 8RS)
Batting: RHB Dave McGuire 0-0: Ball
1-0: DOUBLE (Groundball, 5L)
Batting: LHB Jorge Ortega 0-0: Ground out 6-3 (Groundball, 6M)
Top of the 2nd over - 0 run(s), 1 hit(s), 0 error(s), 1 left on base; Indian Hills 0 - Santa Clarita 3
BOTTOM OF THE 2ND
Santa Clarita Music batting - Pitching for Indian Hills Voodoo : RHP Johannes Hunsberger
Batting: RHB Jesús Morales 0-0: Ball
1-0: Fly out, F8 (Flyball, 8RM)
Batting: RHB Tony Collier 0-0: Foul Ball, location: 2F
0-1: SINGLE (Line Drive, 7S)
Batting: RHB Sebastiăo Batissela 0-0: Ball
1-0: Fly out, F8 (Flyball, 8RM)
Batting: RHB Luis Suárez 0-0: Ball
1-0: Foul Ball, location: 2F
1-1: Foul Ball, location: 2F
1-2: Strikes out swinging
Bottom of the 2nd over - 0 run(s), 1 hit(s), 0 error(s), 1 left on base; Indian Hills 0 - Santa Clarita 3
TOP OF THE 3RD
Indian Hills Voodoo batting - Pitching for Santa Clarita Music : RHP John Gill
Batting: LHB José Castillo 0-0: Swinging Strike
0-1: Foul Ball, location: 2F
0-2: Strikes out swinging
Batting: LHB Dave Wilkinson 0-0: Ball
1-0: SINGLE (Flyball, 9S)
Batting: SHB Cisco Oliva 0-0: Fielders Choice at 2nd, 3-6 (Groundball, 34)
Batting: RHB Greg Williams 0-0: Ball
1-0: Called Strike
1-1: Ball
2-1: Foul Ball, location: 2F
2-2: Ball
3-2: Strikes out swinging
Top of the 3rd over - 0 run(s), 1 hit(s), 0 error(s), 1 left on base; Indian Hills 0 - Santa Clarita 3
BOTTOM OF THE 3RD
Santa Clarita Music batting - Pitching for Indian Hills Voodoo : RHP Johannes Hunsberger
Batting: RHB António Martínez 0-0: Ball
1-0: Foul Ball, location: 2F
1-1: Called Strike
1-2: Ball
2-2: Ground out 4-3 (Groundball, 4)
Batting: RHB Rickey Núńez 0-0: Ball
1-0: Called Strike
1-1: Ground out 6-3 (Groundball, 6)
Batting: LHB Francisco Blanco 0-0: Called Strike
0-1: Foul Ball, location: 2F
0-2: Ground out 6-3 (Groundball, 56)
Bottom of the 3rd over - 0 run(s), 0 hit(s), 0 error(s), 0 left on base; Indian Hills 0 - Santa Clarita 3
TOP OF THE 4TH
Indian Hills Voodoo batting - Pitching for Santa Clarita Music : RHP John Gill
Batting: RHB António Nevárez 0-0: Ball
1-0: Ball
2-0: Ball
3-0: Called Strike
3-1: Called Strike
3-2: Base on Balls
Batting: LHB Juan Sánchez 0-0: Called Strike
0-1: Ball
1-1: Called Strike
1-2: Foul Ball, location: 2F
1-2: Strikes out looking
Batting: RHB Randall James 0-0: Ball
António Nevárez steals 2nd base
1-0: Ball
2-0: Called Strike
2-1: Ground out 5-3 (Groundball, 5)
Batting: RHB Dave McGuire 0-0: Called Strike
0-1: Ball
1-1: Called Strike
1-2: Foul Ball, location: 2F
1-2: Foul Ball, location: 2F
1-2: Ball
2-2: Foul Ball, location: 2F
2-2: SINGLE (Line Drive, 89M)
António Nevárez to third
Runner from 3rd tries for Home, SAFE, no throw
Batting: LHB Jorge Ortega 0-0: Ball
1-0: Called Strike
1-1: Ground out U3 (Groundball, 34)
Top of the 4th over - 1 run(s), 1 hit(s), 0 error(s), 1 left on base; Indian Hills 1 - Santa Clarita 3
BOTTOM OF THE 4TH
Santa Clarita Music batting - Pitching for Indian Hills Voodoo : RHP Johannes Hunsberger
Batting: SHB Stan Gómez 0-0: Ball
1-0: SINGLE (Flyball, 78M)
Batting: SHB Pedro Rodríguez 0-0: Foul Ball, location: 2F
0-1: Ball
1-1: Swinging Strike
1-2: Ball
2-2: Ball
Wild Pitch!
Stan Gómez to second
3-2: Fly out, F7 (Flyball, 7)
Batting: RHB Jesús Morales 0-0: Called Strike
0-1: Foul Ball, location: 2F
0-2: Ball
1-2: Ball
2-2: Ball
3-2: Fly out, F9 (Flyball, 9)
Batting: RHB Tony Collier 0-0: Called Strike
0-1: Called Strike
0-2: Ground out 6-3 (Groundball, 6)
Bottom of the 4th over - 0 run(s), 1 hit(s), 0 error(s), 1 left on base; Indian Hills 1 - Santa Clarita 3
TOP OF THE 5TH
Indian Hills Voodoo batting - Pitching for Santa Clarita Music : RHP John Gill
Batting: LHB José Castillo 0-0: Foul Ball, location: 2F
0-1: Foul Ball, location: 2F
0-2: Ball
1-2: TRIPLE (Groundball, 3L)
Batting: LHB Dave Wilkinson 0-0: Ball
1-0: Ground out 1-3 (Groundball, P)
Batting: SHB Cisco Oliva 0-0: Ball
1-0: Ground out 4-3 (Groundball, 4M)
José Castillo scores
Batting: RHB Greg Williams 0-0: Ball
1-0: Ball
2-0: Fly out, F9 (Flyball, 89M)
Top of the 5th over - 1 run(s), 1 hit(s), 0 error(s), 0 left on base; Indian Hills 2 - Santa Clarita 3
BOTTOM OF THE 5TH
Santa Clarita Music batting - Pitching for Indian Hills Voodoo : RHP Johannes Hunsberger
Batting: RHB Sebastiăo Batissela 0-0: Ball
1-0: Called Strike
1-1: Foul Ball, location: 2F
1-2: Fly out, F4 (Popup, 4D)
Batting: RHB Luis Suárez 0-0: Ball
1-0: Called Strike
1-1: Ball
2-1: Foul Ball, location: 2F
2-2: DOUBLE (Line Drive, 9LD)
Batting: RHB António Martínez 0-0: Ball
Luis Suárez steals 3rd base
1-0: Swinging Strike
1-1: Ground out U3 (Groundball, 34S)
Pitching: RHP Tom Reed
Batting: RHB Rickey Núńez 0-0: Called Strike
0-1: Swinging Strike
0-2: SINGLE (Groundball, 6MD)
Luis Suárez scores
Batting: LHB Francisco Blanco 0-0: Ball
1-0: Fielders Choice at 2nd, U6 (Groundball, 6M)
Bottom of the 5th over - 1 run(s), 2 hit(s), 0 error(s), 1 left on base; Indian Hills 2 - Santa Clarita 4
TOP OF THE 6TH
Indian Hills Voodoo batting - Pitching for Santa Clarita Music : RHP John Gill
Batting: RHB António Nevárez 0-0: Called Strike
0-1: Ball
1-1: Foul Ball, location: 2F
1-2: SINGLE (Groundball, 4MD)
Batting: LHB Juan Sánchez 0-0: Swinging Strike
0-1: Fly out, F8 (Flyball, 8RD)
Batting: RHB Randall James 0-0: Ball
1-0: Swinging Strike
1-1: Fly out, F4 (Line Drive, 4)
Batting: RHB Dave McGuire 0-0: Called Strike
0-1: Ball
1-1: DOUBLE (Flyball, 78D)
António Nevárez to third
Runner from 3rd tries for Home, SAFE, no throw
Pitching: LHP Ray Karl
Batting: LHB Jorge Ortega 0-0: Ball
1-0: Foul Ball, location: 2F
1-1: Ball
2-1: Ball
3-1: Base on Balls
Batting: LHB José Castillo 0-0: Ball
1-0: Swinging Strike
1-1: Called Strike
1-2: Ground out 3-1 (Groundball, 23)
Top of the 6th over - 1 run(s), 2 hit(s), 0 error(s), 2 left on base; Indian Hills 3 - Santa Clarita 4
BOTTOM OF THE 6TH
Santa Clarita Music batting - Pitching for Indian Hills Voodoo : RHP Tom Reed
Batting: SHB Stan Gómez 0-0: Ball
1-0: Ball
2-0: Called Strike
2-1: SINGLE (Line Drive, 4MD)
Batting: SHB Pedro Rodríguez 0-0: Called Strike
0-1: Foul Ball, location: 2F
0-2: Ball
1-2: Ground out U3 (Groundball, 34S)
Stan Gómez to second
Batting: RHB Jesús Morales 0-0: Intentional Walk
Batting: RHB Tony Collier 0-0: Ball
1-0: Called Strike
1-1: Foul Ball, location: 2F
1-2: Ball
2-2: Fly out, F8 (Flyball, 8RD)
Runner from 2nd tags up, SAFE at 3rd, no throw
Batting: RHB Sebastiăo Batissela 0-0: Ball
1-0: Swinging Strike
1-1: Fly out, F7 (Flyball, 7)
Bottom of the 6th over - 0 run(s), 1 hit(s), 0 error(s), 2 left on base; Indian Hills 3 - Santa Clarita 4
TOP OF THE 7TH
Indian Hills Voodoo batting - Pitching for Santa Clarita Music : LHP Ray Karl
Batting: LHB Dave Wilkinson 0-0: SINGLE (Groundball, 34D)
Pinch Hitting: RHB José Torres 0-0: Foul Ball, location: 2F
0-1: Called Strike
0-2: Ball
1-2: Foul Ball, location: 2F
1-2: Ball
2-2: SINGLE (Groundball, 56D)
Dave Wilkinson to second
Batting: RHB Greg Williams 0-0: Sac Bunt - play at first, batter OUT! 1-4
Dave Wilkinson to third
José Torres to second
Batting: RHB António Nevárez 0-0: Called Strike
0-1: Ball
1-1: Swinging Strike
1-2: Strikes out swinging
Batting: LHB Juan Sánchez 0-0: Foul Ball, location: 2F
0-1: Ball
1-1: Ball
2-1: Called Strike
2-2: SINGLE (Groundball, 34D)
Dave Wilkinson scores
José Torres to third
Runner from 3rd tries for Home, SAFE, no throw
Batting: RHB Randall James 0-0: Ball
1-0: Ball
2-0: Ball
3-0: Foul Ball, location: 2F
3-1: Base on Balls
Juan Sánchez to second
Batting: RHB Dave McGuire 0-0: Fly out, F9 (Flyball, 9S)
Top of the 7th over - 2 run(s), 3 hit(s), 0 error(s), 2 left on base; Indian Hills 5 - Santa Clarita 4
BOTTOM OF THE 7TH
Santa Clarita Music batting - Pitching for Indian Hills Voodoo : RHP Tom Reed
Now at 1B: Jesús Arévalo
Batting: RHB Luis Suárez 0-0: Foul Ball, location: 2F
0-1: Called Strike
0-2: Ground out 6-3 (Groundball, 56)
Batting: RHB António Martínez 0-0: Foul Ball, location: 2F
0-1: Foul Ball, location: 2F
0-2: Foul Ball, location: 2F
0-2: Ball
1-2: Ball
2-2: Ball
3-2: Ground out 4-3 (Groundball, 4M)
Batting: RHB Rickey Núńez 0-0: Foul Ball, location: 2F
0-1: Ball
1-1: Ground out 6-3 (Groundball, 56)
Bottom of the 7th over - 0 run(s), 0 hit(s), 0 error(s), 0 left on base; Indian Hills 5 - Santa Clarita 4
TOP OF THE 8TH
Indian Hills Voodoo batting - Pitching for Santa Clarita Music : LHP Ray Karl
Pitching: RHP Pierre Lauzon
Batting: LHB Jorge Ortega 0-0: Ball
1-0: Ball
2-0: Ball
3-0: Called Strike
3-1: Base on Balls
Batting: LHB José Castillo 0-0: Called Strike
0-1: Foul Ball, location: 2F
0-2: Ball
1-2: Ball
2-2: Ball
3-2: Strikes out swinging
Batting: LHB Dave Wilkinson 0-0: Ball
Jorge Ortega is caught stealing 2nd base
1-0: Called Strike
1-1: Ball
2-1: Ball
3-1: Called Strike
3-2: Foul Ball, location: 2F
3-2: Strikes out swinging
Top of the 8th over - 0 run(s), 0 hit(s), 0 error(s), 0 left on base; Indian Hills 5 - Santa Clarita 4
BOTTOM OF THE 8TH
Santa Clarita Music batting - Pitching for Indian Hills Voodoo : RHP Tom Reed
Pitching: RHP Calvin Bickly
Now at 2B: Ricardo García
Batting: LHB Francisco Blanco 0-0: Foul Ball, location: 2F
0-1: Ball
1-1: Ball
2-1: Ball
3-1: Called Strike
3-2: Foul Ball, location: 2F
3-2: Ground out U3 (Groundball, 34S)
Pitching: RHP Jorge Cherena
Batting: SHB Stan Gómez 0-0: Ground out 6-3 (Groundball, 6M)
Pitching: RHP Michael MacDonald
Batting: SHB Pedro Rodríguez 0-0: Ball
1-0: Ground out 3-1 (Groundball, 34)
Bottom of the 8th over - 0 run(s), 0 hit(s), 0 error(s), 0 left on base; Indian Hills 5 - Santa Clarita 4
TOP OF THE 9TH
Indian Hills Voodoo batting - Pitching for Santa Clarita Music : RHP Pierre Lauzon
Batting: RHB Jesús Arévalo 0-0: Ball
1-0: SINGLE (Flyball, 6MD) - OUT at second base trying to stretch hit.
Batting: RHB Greg Williams 0-0: Foul Ball, location: 2F
0-1: Ball
1-1: SINGLE (Groundball, 5D)
Batting: RHB António Nevárez 0-0: Ball
1-0: Called Strike
1-1: Called Strike
1-2: Ball
2-2: Ball
3-2: Base on Balls
Greg Williams to second
Batting: LHB Juan Sánchez 0-0: Foul Ball, location: 2F
0-1: Ball
1-1: Foul Ball, location: 2F
1-2: Strikes out looking
Batting: RHB Randall James 0-0: SINGLE (Groundball, 4MD)
Greg Williams to third
António Nevárez to second
Runner from 3rd tries for Home, SAFE, no throw
Batting: RHB Ricardo García 0-0: Fly out, F3 (Popup, 3D)
Top of the 9th over - 1 run(s), 3 hit(s), 0 error(s), 2 left on base; Indian Hills 6 - Santa Clarita 4
BOTTOM OF THE 9TH
Santa Clarita Music batting - Pitching for Indian Hills Voodoo : RHP Michael MacDonald
Pitching: RHP António Estrada
Batting: RHB Jesús Morales 0-0: Called Strike
0-1: Ball
1-1: Ball
2-1: Foul Ball, location: 2F
2-2: Ground out 6-3 (Groundball, 6M)
Batting: RHB Tony Collier 0-0: Ground out 6-3 (Groundball, 6S)
Batting: RHB Sebastiăo Batissela 0-0: Ball
1-0: Called Strike
1-1: Ball
2-1: SINGLE (Line Drive, 34D)
Pinch Hitting: SHB Ramiro Medrano 0-0: Ball
1-0: Ball
2-0: Foul Ball, location: 2F
2-1: Ball
3-1: SINGLE (Groundball, 3D)
Sebastiăo Batissela to second
Runner from 2nd tries for 3rd, SAFE, no throw
Batting: RHB António Martínez 0-0: Ball
1-0: Ball
2-0: Ball
3-0: Called Strike
3-1: Foul Ball, location: 2F
3-2: Ground out 6-3 (Groundball, 6)
Bottom of the 9th over - 0 run(s), 2 hit(s), 0 error(s), 2 left on base; Indian Hills 6 - Santa Clarita 4
Tuesday, August 8th, 2017 - OOTP Baseball 17.12 Build 75